 Dungeon Crawl Stone Soup version 0.30-a0-528-g8c47a4955b (webtiles) character file.

Game seed: 3238006796184979572

49 bande the Trooper (level 3, -1/24 HPs)
             Began as a Gargoyle Fighter on Dec 24, 2022.
             Slain by Crazy Yiuf
             ... wielding a +4 quarterstaff of chaos
              (8 damage)
             ... on level 2 of the Dungeon.
             The game lasted 00:01:39 (1522 turns).

bande the Trooper (Gargoyle Fighter)                Turns: 1522, Time: 00:01:40

Health: -1/24      AC: 12    Str: 19    XL:     3   Next: 77%
Magic:  3/3        EV:  7    Int:  8    God:
Gold:   108        SH:  4    Dex: 11    Spells: 2/2 levels left

rFire   + . .      SeeInvis .    a - +0 war axe
rCold   + . .      Faith    .    c - +0 buckler
rNeg    + . .      Spirit   .    l - +0 chain mail
rPois   ∞          Reflect  .    (no helmet)
rElec   +          Harm     .    (no cloak)
rCorr   +          Rampage  .    (no gloves)
Will    .....                    (no boots) Stlth
                                 (no amulet)
HPRegen 0.24/turn                (no ring)
MPRegen 0.08/turn                (no ring)

@: resistant
A: sickness immunity, AC +3, negative energy resistance 1, electricity
resistance, torment resistance 1, petrification resistance
a: no special abilities


You were on level 2 of the Dungeon.
You visited 1 branch of the dungeon, and saw 2 of its levels.

You collected 108 gold pieces.

Inventory:

Hand Weapons
 a - a +0 war axe (weapon)
Armour
 c - a +0 buckler (worn)
 f - an orb of light
 l - a +0 chain mail (worn)
Scrolls
 b - a scroll of fear {unknown}
 e - a scroll of torment {unknown}
 k - a scroll of identify {unknown}
 m - a scroll of enchant armour {unknown}
Potions
 d - a potion of might
 g - 2 potions of curing {unknown}
 h - a potion of brilliance {unknown}
 i - a potion of attraction {unknown}
 j - a potion of cancellation {unknown}
 n - a potion of invisibility {unknown}


   Skills:
 + Level 3.9 Fighting
 + Level 2.5 Axes
 + Level 3.6 Armour
 + Level 3.6 Shields


You had 2 spell levels left.
You didn't know any spells.
Your spell library contained the following spells:

 Spells                   Type           Power      Damage    Failure   Level
 Apportation              Tloc           0%         N/A       100%        1
 Alistair's Intoxication  Tmut/Pois      0%         N/A       100%        5


Dungeon Overview and Level Annotations

Branches:
Dungeon (2/15)

Altars:
Wu Jian

Annotations:
D:2 Crazy Yiuf


Innate Abilities, Weirdness & Mutations

You are immune to sickness and miasma.
Your stone body is resilient. (AC +3)
You are immune to poison.
You resist negative energy. (rN+)
You are resistant to electric shocks. (rElec)
You are resistant to unholy torment.
You are immune to petrification.


Message History

No target in view!
A rat comes into view.
A rat is nearby!
You hit the rat.
You kill the rat!
No target in view!
No target in view!
No target in view!
No target in view!
No target in view!
You open the door.
There is an open door here.
Found a stone staircase leading up.
Found a stone staircase leading down.
No target in view!
Things that are here:
a +0 club; a goblin corpse
There is an open door here.
There is an open door here.
There is an open door here.
There is an open door here.
Key pressed, stopping explore.
Crazy Yiuf shouts!
No reachable target in view!
No reachable target in view!
No reachable target in view!
You open the door. You hit Crazy Yiuf but do no damage.
Crazy Yiuf says, "Sif Muna!
Mountain mobile broken."
Crazy Yiuf hits you with a +4 quarterstaff of chaos!
Crazy Yiuf burns you. Crazy Yiuf completely misses you.
You hit Crazy Yiuf but do no damage. Crazy Yiuf hits you but does no damage.
You feel protected.
You hit Crazy Yiuf but do no damage. Crazy Yiuf hits you but does no damage.
You hit Crazy Yiuf but do no damage.
Crazy Yiuf hits you with a +4 quarterstaff of chaos.
Crazy Yiuf freezes you.
* * * LOW HITPOINT WARNING * * *
Crazy Yiuf hits you with a +4 quarterstaff of chaos!
You die...

#.#####....# #.# #....# #.#
♣....♣ ####### ###.## ♣♣...♣
#...... #....# ♣♣.♣♣ ##......
#....# ♣♣.♣ #....... #....#
♣.♣♣ #....... #....# ♣♣.♣
#..<.... #....# ♣@♣♣ #.....†.
#....# #g# ###....... #....#
... #(........ #....# #...#
####...... #....# #)..#
#......... #....# #####
#......... #....# #.#.###+##
#....###############.#...#
####............#.......#.###


You could see Crazy Yiuf.

Vanquished Creatures
  2 worms (D:2)
  A dart slug (D:1)
  4 ball pythons (D:1)
  6 endoplasms
  A giant cockroach (D:1)
  3 goblins
  2 hobgoblins
  7 kobolds
  A quokka (D:1)
  4 bats
  3 frilled lizards
  5 rats
39 creatures vanquished.

Notes
Turn   | Place    | Note
-------+----------+-------------------------------------------
     0 | D:1      | bande the Gargoyle Fighter began the quest for the Orb.
     0 | D:1      | Reached XP level 1. HP: 14/14 MP: 1/1
   261 | D:1      | Reached XP level 2. HP: 19/19 MP: 2/2
   518 | D:1      | Reached XP level 3. HP: 24/24 MP: 3/3
   881 | D:2      | Found a runed translucent door.
   882 | D:2      | Noticed Crazy Yiuf
   983 | D:2      | Found an ornate altar of the Wu Jian Council.
  1522 | D:2      | Slain by Crazy Yiuf

Illustrated notes

Levels and vault maps discovered:
D:1:      dpeg_arrival_simpleton_c, layout_loops_ring
D:2:      layout_basic, basic_altar, uniq_crazy_yiuf_cottage

Skill      XL: |  1 |
---------------+----+-----
Axes           | 2 |  2.5
Fighting       | |  3.9
Armour         | |  3.6
Shields        | |  3.6

Action                   || total
-------------------------++-------
Melee: War axe           ||   105
Armor: Scale mail        ||    43
       Chain mail        ||    10
Dodge: Dodged            ||    34
Block: Buckler           ||    25

Table legend: (Time is in decaauts)
 A = Elapsed time spent in this place.
 B = Non-inter-level travel time spent in this place.
 C = Inter-level travel time spent in this place.
 D = Time resting spent in this place.
 E = Time spent auto-exploring this place.
 F = Levels seen in this place.
 G = Mean time per level.
                   A        B        C        D        E       F      G
               +--------+--------+--------+--------+--------+-----+--------+
         Total |   1566 |   1544 |     22 |    137 |   1117 |   2 |  783.0 |
       Dungeon |   1566 |   1544 |     22 |    137 |   1117 |   2 |  783.0 |
               +--------+--------+--------+--------+--------+-----+--------+

Top non-repeatable levels by time:
     D:1: 810 daAuts
     D:2: 756 daAuts
